 Dungeon Crawl Stone Soup version 0.18-a0-1202-g796ae12 (webtiles) character file.

228 Reinor the Conjurer (level 5, -1/28 HPs)
             Began as a Deep Elf Conjurer on Jan 30, 2016.
             Slain by Grinder (4 damage)
             ... on level 3 of the Dungeon on Jan 31, 2016.
             The game lasted 00:13:24 (2417 turns).

Reinor the Conjurer (Deep Elf Conjurer)             Turns: 2417, Time: 00:13:24

Health: -1/28      AC:  3    Str:  8    XL:     5   Next: 70%
Magic:  2/15       EV: 13    Int: 21    God:
Gold:   212        SH:  0    Dex: 15    Spells: 5 memorised, 1 level left

rFire  . . .     SeeInvis .     n - +0 dagger (flame)
rCold  . . .     Gourm    .     a - +0 robe
rNeg   . . .     Faith    .     (no shield)
rPois  .         Spirit   .     (no helmet)
rElec  .         Dismiss  .     (no cloak)
rCorr  .         Reflect  .     (no gloves)
SustAt .         Harm     .     g - +0 pair of boots
MR     .....                    (no amulet)
Stlth  ++........               (no ring)
                                j - +3 ring of strength

@: not resistant to hostile enchantments, unstealthy
A: no striking features
a: no special abilities


You were on level 3 of the Dungeon.
You were hungry.

You visited 1 branch of the dungeon, and saw 3 of its levels.

You collected 212 gold pieces.

Inventory:

Hand Weapons
 f - a +0 spear
 n - a +0 dagger of flaming (weapon)
 r - a +2 spear of venom
Missiles
 u - 19 poisoned needles
Armour
 a - a +0 robe (worn)
 g - a +0 pair of boots (worn)
Jewellery
 j - a +3 ring of strength (left hand)
Scrolls
 o - a scroll of remove curse
 w - a scroll of recharging {unknown}
Potions
 e - 2 potions of heal wounds
 h - a potion of mutation {unknown}
 i - a potion of cancellation {unknown}
 k - a potion of agility {unknown}
 l - a potion of beneficial mutation {unknown}
 q - a potion of cure mutation {unknown}
 s - a potion of curing {unknown}
 v - a potion of brilliance {unknown}
Books
 b - a book of Conjurations

   Spells                             Type                      Level
   a - Magic Dart                     Conjuration                  1
   b - Searing Ray                    Conjuration                  2
   c - Dazzling Spray                 Conjuration/Hexes            3
   d - Fulminant Prism                Conjuration/Hexes            4
   e - Iskenderun's Mystic Blast      Conjuration                  4
   f - Iskenderun's Battlesphere      Conjuration/Charms           5
Comestibles
 c - a bread ration
 d - 3 meat rations
 m - a beef jerky
 p - a fruit


   Skills:
 - Level 2.4 Dodging
 + Level 2.5 Stealth
 - Level 6.0 Spellcasting
 + Level 6.2 Conjurations
 + Level 0.4 Charms


You had one spell level left.
You knew the following spells:

 Your Spells              Type           Power        Failure   Level  Hunger
a - Magic Dart            Conj           ####         1%          1    None
b - Searing Ray           Conj           ####..       1%          2    None
c - Dazzling Spray        Conj/Hex       ###.....     10%         3    ##.....
d - Iskenderun's Battles  Conj/Chrm      ###.....     78%         5    #####..
e - Fulminant Prism       Conj/Hex       ###.......   28%         4    ####...


Dungeon Overview and Level Annotations

Branches:
Dungeon (3/15)

Altars:

Annotations:
D:3 Grinder


Message History

Aiming: Dazzling Spray
Press: ? - help, Shift-Dir - straight line, f/p - Grinder
Aim: Grinder (moderately wounded)
The spray of energy hits Grinder.
Grinder is heavily wounded.
Grinder is dazzled.
You hit Grinder. You burn Grinder.
Grinder is severely wounded.
Grinder hits you!
You writhe in agony.
You hit Grinder. You burn Grinder.
Grinder is severely wounded.
Grinder closely misses you.
You barely miss Grinder.
Grinder is severely wounded.
You hit Grinder. You burn Grinder.
Grinder is severely wounded.
Grinder is no longer blind.
Grinder hits you!
* * * LOW HITPOINT WARNING * * *
You writhe in agony.
You die...

######.....##################.##.
....####............# #.###
###.####............# ##'###
.##.#..'............# #....#
.##.#.##............# #....#
.#..#.#<............###### #.)..#
.##.#.#..................# ##'###
.#....#..................# #.# #
.#......#.......@.#......# #.# #
...............##5#......####'###
##.............##.#......#......#
###...##.......##.#......#......#
##....++.....).##.########......#
##....##(......##.###### #......#
##....##.......##.#....######5...
##....##.......##.#....#...####..
......##.......##.'....+...'..'..


You could see Grinder.

Vanquished Creatures
  Jessica (D:3)
  Natasha (thrice) (D:2)
  Terence (D:3)
  3 adders
  An ooze (D:2)
  3 worms
  A giant gecko (D:2)
  2 orcs (D:3)
  5 bats (D:1)
  6 giant cockroaches
  10 goblins
  6 hobgoblins
  7 jackals (D:3)
  5 kobolds
  A quokka (D:3)
  2 giant newts
  4 rats (D:1)
61 creatures vanquished.

Vanquished Creatures (others)
  4 toadstools (D:1)
4 creatures vanquished.

Grand Total: 65 creatures vanquished

Notes
Turn   | Place    | Note
--------------------------------------------------------------
     0 | D:1      | Reinor the Deep Elf Conjurer began the quest for the Orb.
     0 | D:1      | Reached XP level 1. HP: 10/10 MP: 6/6
   174 | D:1      | Reached XP level 2. HP: 13/15 MP: 1/8
   185 | D:1      | Upgraded the game from 0.18-a0-1196-g09327cf to 0.18-a0-1202-g796ae12
   302 | D:1      | Learned a level 2 spell: Searing Ray
   828 | D:2      | Reached XP level 3. HP: 19/19 MP: 5/10
   892 | D:2      | Reached skill level 5 in Conjurations
   923 | D:2      | Learned a level 3 spell: Dazzling Spray
   942 | D:2      | Noticed Natasha
   945 | D:2      | Killed Natasha
  1048 | D:2      | Reached XP level 4. HP: 24/24 MP: 7/12
  1218 | D:2      | Noticed Natasha
  1219 | D:2      | Killed Natasha
  1219 | D:2      | Reached skill level 5 in Spellcasting
  1408 | D:2      | Noticed Natasha
  1411 | D:2      | Killed Natasha
  1624 | D:3      | Reached XP level 5. HP: 28/28 MP: 12/14
  1674 | D:3      | Noticed Terence
  1680 | D:3      | Killed Terence
  1874 | D:3      | Reached skill level 6 in Conjurations
  2035 | D:3      | Noticed Jessica
  2048 | D:3      | Killed Jessica
  2057 | D:3      | Learned a level 5 spell: Iskenderun's Battlesphere
  2062 | D:3      | Learned a level 4 spell: Fulminant Prism
  2329 | D:3      | Noticed Grinder
  2355 | D:3      | Paralysed by Grinder for 7 turns
  2376 | D:3      | Paralysed by Grinder for 7 turns
  2417 | D:3      | Slain by Grinder

Vault maps used:
D:1:      ldierk_walled_garden_2
D:2:      roderic_lattice_a, uniq_natasha
D:3:      led_sif_pool, hangedman_decor_growths, uniq_terence, uniq_jessica,
          uniq_grinder

Action                   |  1- 3 |  4- 6 || total
-------------------------+-------+-------++-------
Melee: Unarmed           |     5 |       ||     5
       Dagger            |       |    17 ||    17
 Cast: Magic Dart        |    55 |    62 ||   117
       Dazzling Spray    |     1 |    13 ||    14
       Searing Ray       |       |     1 ||     1
  Use: Scroll            |     5 |     1 ||     6
       Potion            |       |     1 ||     1
 Stab: Invisible         |       |     1 ||     1
  Eat: Chunk             |       |     4 ||     4
